 Dungeon Crawl Stone Soup version 0.28-a0-80-g9707f7362f (webtiles) character file.

Game seed: 1960354357215025634

702 horus123 the Covered (level 7, -3/94 HPs)
             Began as a Deep Dwarf Fighter on Aug 5, 2021.
             Was a Follower of Nemelex Xobeh.
             Slain by a tarantella (6 damage)
             ... on level 8 of the Dungeon.
             The game lasted 00:15:49 (7098 turns).

horus123 the Covered (Deep Dwarf Fighter)           Turns: 7098, Time: 00:15:50

Health: -3/94      AC:  7    Str: 22    XL:     7   Next: 39%
Magic:  6/6        EV:  8    Int:  8    God:    Nemelex Xobeh [*.....]
Gold:   213        SH: 10    Dex: 18    Spells: 6/6 levels left

rFire   . . .      SeeInvis +   a - +0 war axe
rCold   . . .      Faith    .   c - +0 kite shield
rNeg    . . .      Spirit   .   b - +0 scale mail
rPois   .          Reflect  .   (no helmet)
rElec   .          Harm     .   (no cloak)
rCorr   .          Rampage  .   (no gloves)
Will    +....                   (no boots)
Stlth   ..........              (no amulet)
HPRegen 0.00/turn               j - ring of see invisible
MPRegen 0.10/turn               s - +6 ring of dexterity

@: berserking, very quick
A: damage resistance, heal wounds, sense surroundings 1, no regeneration
a: Heal Wounds, Renounce Religion, Draw Escape, Draw Destruction, Draw Summoning


You were on level 8 of the Dungeon.
You worshipped Nemelex Xobeh.
Nemelex Xobeh was aware of your devotion.
You visited 1 branch of the dungeon, and saw 7 of its levels.

You collected 213 gold pieces.

Inventory:

Hand Weapons
 a - a +0 war axe (weapon)
 f - a +0 dire flail
Armour
 b - a +0 scale mail (worn)
 c - a +0 kite shield (worn)
Jewellery
 j - a ring of see invisible (left hand)
 m - a ring of ice
 s - a +6 ring of dexterity (right hand)
Wands
 d - a wand of polymorph (3)
 v - a wand of iceblast (9)
Scrolls
 l - 4 scrolls of identify
 n - 2 scrolls of blinking
 o - a scroll of acquirement {unknown}
 r - 3 scrolls of teleportation
 t - a scroll of magic mapping {unknown}
 w - a scroll of summoning {unknown}
Potions
 e - a potion of haste {unknown}
 g - 3 potions of flight
 h - a potion of curing
 i - 2 potions of magic
 p - 2 potions of might
 q - 2 potions of heal wounds {unknown}
 u - a potion of resistance {unknown}


   Skills:
 + Level 3.9 Fighting
 + Level 5.6 Axes
 + Level 5.7 Armour
 + Level 1.5 Dodging
 + Level 1.3 Stealth
 + Level 4.7 Shields


You had 6 spell levels left.
You didn't know any spells.
Your spell library contained the following spells:

 Spells                   Type           Power      Damage    Failure   Level
 Freeze                   Ice            0%         1d3       99%         1
 Ensorcelled Hibernation  Hex/Ice        0%         N/A       99%         2
 Frozen Ramparts          Ice            0%         1d2       100%        3
 Gell's Gravitas          Tloc           0%         N/A       100%        3
 Ignite Poison            Fire/Tmut/Pois 0%         N/A       100%        3
 Lesser Beckoning         Tloc           0%         N/A       100%        3
 Mephitic Cloud           Conj/Pois/Air  0%         N/A       100%        3
 Portal Projectile        Hex/Tloc       0%         N/A       100%        3
 Spider Form              Tmut/Pois      0%         N/A       100%        3
 Teleport Other           Tloc           0%         N/A       100%        3
 Hailstorm                Conj/Ice       0%         3d3       100%        4
 Blade Hands              Tmut           0%         N/A       100%        5
 Bolt of Magma            Conj/Fire/Erth 0%         4d4       100%        5
 Excruciating Wounds      Necr           0%         N/A       100%        5
 Fireball                 Conj/Fire      0%         3d3       100%        5
 Iskenderun's Battlesphe  Conj           0%         2d6       100%        5
 Conjure Ball Lightning   Conj/Air       0%         3x3d6     100%        6
 Shadow Creatures         Summ           N/A        N/A       100%        6
 Orb of Destruction       Conj           0%         N/A       100%        7


Dungeon Overview and Level Annotations

Branches:
Dungeon (6/15)             Temple (0/1) D:4

Altars:
Makhleb
Nemelex Xobeh
Ru
Wu Jian
Yredelemnul
The Shining One

Shops:
D:4 =


Innate Abilities, Weirdness & Mutations

You are resistant to damage.
You can heal yourself by infusing magical energy.
You passively map a small area around you.
You do not regenerate.


Message History

Found 9 gold pieces.
You see here 14 gold pieces.
You now have 213 gold pieces (gained 14).
You draw a card...
You have drawn the Cloud.
Clouds appear around you! You block the two-headed ogre's attack.
The two-headed ogre hits you with a +0 giant club!
You see here a wand of iceblast (9).
v - a wand of iceblast (9)
You draw a card...
You have drawn the Elixir.
You begin rapidly regenerating health and magic.
The deck of cards disappears without a trace.
The two-headed ogre hits you with a +0 dire flail!
You block the two-headed ogre's attack.
The two-headed ogre hits you with a +0 dire flail!
The two-headed ogre closely misses you.
You see here a scroll labelled FOMNOE VAOCK.
w - a scroll labelled FOMNOE VAOCK You block the two-headed ogre's attack.
The two-headed ogre hits you with a +0 giant club.
The two-headed ogre hits you with a +0 dire flail!!
* * * LOW HITPOINT WARNING * * *
The two-headed ogre hits you with a +0 giant club!!
* * * LOW HITPOINT WARNING * * *
Found a dented pearl amulet.
Found a stone staircase leading up.
You draw a card...
You have drawn Degeneration.
The two-headed ogre evaporates and reforms as a tarantella!
The tarantella twists and deforms.
The tarantella bites you.
Found 2 scrolls labelled HUDDUA ULLUZ.
The tarantella closely misses you. The tarantella barely misses you.
There is an escape hatch in the floor here.
Cleave: a) +0 war axe
Press: ? - help, Dir - move target, f - tarantella
Aim: a tarantella (misshapen and mutated, about 52% to evade your +0 war axe)
Okay, then.
A red film seems to cover your vision as you go berserk!
You feel yourself moving faster!
You feel mighty! The tarantella bites you!
You die...
Your body disappears without a glow.

, * , , #......, , ,
#.....##. ##....... ,
, . * #?.....# *,*
<....## ##......# *
.....".##.......### ,
...##.............
########..#.##..@...#
,
.......##.#.#..s.##.#*
*
.......##...#...###..
,, ,
...................#
.......###...#####....
, .......####).###
*##. ...............#
* , #####.#.....>..#
** #.#..(.....# ,


You could see a tarantella (misshapen).

Vanquished Creatures
  Grinder (D:4)
  An ogre (D:4)
  2 scorpions
  A hound (D:5)
  A human skeleton (D:5)
  4 orc wizards
  An iguana (D:5)
  A gnoll (D:1)
  4 adders
  An ufetubus (D:5)
  2 worms
  2 dart slugs
  11 orcs
  7 ball pythons
  2 endoplasms
  A giant cockroach (D:3)
  11 hobgoblins
  9 jackals
  A quokka (D:1)
  A bat (D:1)
  6 frilled lizards
  8 goblins
  3 kobolds
  7 rats
88 creatures vanquished.

Vanquished Creatures (others)
  A plant (D:4)
1 creature vanquished.

Grand Total: 89 creatures vanquished

Notes
Turn   | Place    | Note
-------+----------+-------------------------------------------
     0 | D:1      | horus123 the Deep Dwarf Fighter began the quest for the
                  | Orb.
     0 | D:1      | Reached XP level 1. HP: 20/20 MP: 1/1
   314 | D:1      | Found a faded altar of an unknown god.
   347 | D:1      | Reached XP level 2. HP: 20/27 MP: 2/2
   936 | D:2      | Reached XP level 3. HP: 30/34 MP: 3/3
  3686 | D:3      | Reached XP level 4. HP: 37/42 MP: 4/4
  3755 | D:3      | Reached skill level 1 in Stealth
  3935 | D:3      | Reached XP level 5. HP: 23/49 MP: 5/5
  4148 | D:3      | Found a sacrificial altar of Ru.
  4280 | D:3      | Found a sparkling altar of Nemelex Xobeh.
  5058 | D:3      | Became a worshipper of Nemelex Xobeh the Trickster
  5127 | D:4      | Noticed an ogre
  5136 | D:4      | Killed an ogre
  5159 | D:4      | Found a glowing golden altar of the Shining One.
  5245 | D:4      | Reached XP level 6. HP: 45/56 MP: 6/6
  5483 | D:4      | Found Duryos's Jewellery Emporium.
  5587 | D:4      | Noticed Grinder
  5599 | D:4      | Killed Grinder
  5600 | D:4      | Reached skill level 5 in Axes
  5600 | D:4      | Reached skill level 5 in Armour
  5600 | D:4      | Reached skill level 1 in Dodging
  5783 | D:4      | Found a staircase to the Ecumenical Temple.
  6131 | D:5      | Entered Level 5 of the Dungeon
  6171 | D:5      | Found an ornate altar of the Wu Jian Council.
  6190 | D:5      | Reached * piety under Nemelex Xobeh
  6343 | D:5      | Reached XP level 7. HP: 62/62 MP: 7/7
  6366 | D:5      | Received a gift from Nemelex Xobeh
  6660 | D:5      | Found a burning altar of Makhleb.
  6877 | D:5      | Noticed a human
  6878 | D:5      | Found a runed translucent door.
  6897 | D:5      | Found a basalt altar of Yredelemnul.
  7047 | D:6      | You fall into a shaft and drop 2 floors!
  7057 | D:8      | Noticed a two-headed ogre
  7081 | D:8      | HP: 2/63 [two-headed ogre (16)]
  7093 | D:8      | Noticed a tarantella
  7093 | D:8      | a two-headed ogre changed into a tarantella
  7098 | D:8      | Slain by a tarantella

Illustrated notes

Levels and vault maps discovered:
D:1:      psy_arrival_basics, layout_loops_corners, basic_ecumenical_altar
D:2:      layout_rooms
D:3:      layout_basic, mainiacjoe_overflow_tiny_flanked,
          mainiacjoe_overflow_catwalk, serial_bayou_lagoon_a
D:4:      layout_basic, tso_oasis_becter, temple_doors_e, serial_shops,
          nicolae_diamond_shop, minmay_goblin_outpost, uniq_grinder
D:5:      layout_loops_ring, dk_yredelemnul_ordeal, general_overflow_altar,
          makhleb_heckhound_becter
D:6:      layout_rooms, kennysheep_generic_room_4
D:8:      layout_rooms

Skill      XL: |  1  2  3  4  5  6 |
---------------+-------------------+-----
Fighting       | 3 |  3.9
Axes           | 3 4 5 |  5.6
Stealth        | 1 |  1.3
Armour         | 4 5 |  5.7
Shields        | 4 |  4.7
Dodging        | 1 |  1.5

Action                   |  1- 3 |  4- 6 |  7- 9 || total
-------------------------+-------+-------+-------++-------
Melee: War axe           |   109 |   153 |    44 ||   306
Invok: Draw Escape       |       |       |     2 ||     2
       Draw Destruction  |       |       |     1 ||     1
 Abil: Heal Wounds       |     3 |     5 |     2 ||    10
  Use: Potion            |     4 |     3 |     1 ||     8
       Scroll            |     3 |     2 |       ||     5
Armor: Scale mail        |    47 |    74 |    12 ||   133
Dodge: Dodged            |    32 |    57 |    20 ||   109
Block: Kite shield       |    60 |    90 |    38 ||   188

Table legend: (Time is in decaauts)
 A = Elapsed time spent in this place.
 B = Non-inter-level travel time spent in this place.
 C = Inter-level travel time spent in this place.
 D = Time resting spent in this place.
 E = Time spent auto-exploring this place.
 F = Levels seen in this place.
 G = Mean time per level.
                   A        B        C        D        E       F      G
               +--------+--------+--------+--------+--------+-----+--------+
         Total |   7261 |   7133 |    128 |   2616 |   3246 |   7 | 1037.3 |
       Dungeon |   7261 |   7133 |    128 |   2616 |   3246 |   7 | 1037.3 |
               +--------+--------+--------+--------+--------+-----+--------+

Top non-repeatable levels by time:
     D:2: 2849 daAuts
     D:3: 1491 daAuts
     D:4: 1048 daAuts
     D:1: 886 daAuts
     D:5: 838 daAuts
     D:6: 97 daAuts
     D:8: 50 daAuts
